 Dungeon Crawl Stone Soup version 0.19-a0-475-gfca3800 (webtiles) character file.

93 Loading the Ducker (level 4, 21/21 HPs)
             Began as a Felid Berserker on June 4, 2016.
             Was a Believer of Trog.
             Quit the game on level 4 of the Dungeon.
             The game lasted 00:06:15 (4109 turns).

Loading the Ducker (Felid Berserker)                Turns: 4109, Time: 00:06:15

Health: 21/21      AC:  1    Str: 13    XL:     4   Next: 36%
Magic:  5/5        EV: 21    Int:  8    God:    Trog [**....]
Gold:   38         SH:  0    Dex: 17    Spells: 0 memorised, 3 levels left
                                        Lives:  0   Deaths: 1

rFire  . . .     SeeInvis +       - Unarmed
rCold  . . .     Gourm    .     (armour unavailable)
rNeg   . . .     Faith    .     (shield unavailable)
rPois  .         Spirit   .     (helmet unavailable)
rElec  .         Dismiss  .     (cloak unavailable)
rCorr  .         Reflect  .     (gloves unavailable)
SustAt .         Harm     .     (boots unavailable)
MR     .....                    (no amulet)
Stlth  +++.......               (no ring)
                                (no ring)

@: quick, not resistant to hostile enchantments, fairly stealthy
A: no armour, no weapons or thrown items, claws 1, fangs 3, see invisible,
carnivore 3, speed 1, shaggy fur 1, slow metabolism 1, sharp paws
a: Berserk, Trog's Hand, Burn Spellbooks, Renounce Religion


You were on level 4 of the Dungeon.
You worshipped Trog.
Trog was pleased with you.
You were not hungry.

You visited 1 branch of the dungeon, and saw 4 of its levels.

You collected 38 gold pieces.

Inventory:

Potions
 b - a potion of curing
 e - a potion of haste
Comestibles
 a - 2 meat rations
 c - 2 beef jerkies
 g - 2 chunks of flesh


   Skills:
 + Level 3.6 Fighting
 * Level 5.7 Dodging
 * Level 3.8 Stealth
 + Level 3.8 Unarmed Combat


You had 3 spell levels left.
You didn't know any spells.

Dungeon Overview and Level Annotations

Branches:
Dungeon (4/15)
 Temple: D:4-7

Altars:
Dithmenos
Nemelex Xobeh
Xom


Innate Abilities, Weirdness & Mutations

You cannot wear armour.
You are incapable of wielding weapons or throwing items.
You have sharp claws.
You have razor-sharp teeth.
You have supernaturally acute eyesight. (SInv)
You are carnivorous and can eat meat at any time.
You cover ground quickly.
You are covered in fur. (AC +1)
You have a slow metabolism.
Your sharp claws are effective at attacking unaware monsters.


Message History

Found a hand axe.
You open the door. 3 wights come into view.
A wight is wielding a trident of protection.
You scratch the wight.
The wight is moderately damaged.
The wight completely misses you. The wight closely misses you.
You barely miss the wight.
The wight is moderately damaged.
The wight hits you with an enchanted scimitar!
Ouch! That really hurt!
You feel drained.
The wight hits you from afar with a trident of protection!
Ouch! That really hurt!
You die...
You are now level 4!
You rejoin the land of the living...
Found 14 sling bullets.
Found a shadowy altar of Dithmenos.
You can't grasp things well enough to throw them.
Are you sure you want to abandon this character and quit the game? (Confirm with "yes".)

### ##
#..# #.#
....# #.#
##...# #.#
.##(..#
#.#
_.#....#.#
#@# #.#.#
#.# #.#
#.# #.#
#.# #.#
#.# #.#
#.# #.# .#
#.


There were no monsters in sight!

Vanquished Creatures
  Terence (D:3)
  A hound skeleton (D:3)
  7 adders
  An ooze (D:2)
  2 worms
  A dart slug (D:1)
  A giant gecko (D:3)
  4 orcs (D:3)
  4 giant cockroaches
  5 goblins
  4 hobgoblins
  7 jackals
  8 bats
  3 giant newts
  11 kobolds
  8 rats
68 creatures vanquished.

Notes
Turn   | Place    | Note
--------------------------------------------------------------
     0 | D:1      | Loading the Felid Berserker began the quest for the Orb.
     0 | D:1      | Reached XP level 1. HP: 10/10 MP: 2/2
    82 | D:1      | Reached skill level 1 in Stealth
   399 | D:1      | Reached XP level 2. HP: 4/14 MP: 3/3
  1060 | D:2      | Reached ** piety under Trog
  1072 | D:2      | Reached XP level 3. HP: 17/17 MP: 4/4
  1940 | D:2      | Reached skill level 5 in Dodging
  2286 | D:2      | Reached XP level 4. HP: 15/21 MP: 5/5
  3510 | D:3      | Reached XP level 5. HP: 24/24 MP: 6/6
  3549 | D:3      | Noticed Terence
  3554 | D:3      | Killed Terence
  3965 | D:3      | Found a sparkling altar of Nemelex Xobeh.
  3967 | D:3      | Found a shimmering altar of Xom.
  4108 | D:4      | Slain by a wight
  4109 | D:4      | Reached XP level 4. HP: -3/21 MP: 5/5
  4109 | D:4      | Found a shadowy altar of Dithmenos.
  4109 | D:4      | Quit the game

Vault maps used:
D:1:      minmay_arrival_wavy_path, minmay_misc_feat_five, minmay_fountain_box
D:3:      nicolae_overflow_hidden_temple, grunt_ministairs_14, uniq_terence
D:4:      temple_hall, nicolae_dithmenos_through_a_glass_darkly

Skill      XL: |  1  2  3  4 |
---------------+-------------+-----
Stealth        | 1 2 3 |  3.8
Dodging        | 5 |  5.7
Fighting       | |  3.6
Unarmed Combat | |  3.8

Action                   |  1- 3 |  4- 6 || total
-------------------------+-------+-------++-------
Melee: Unarmed           |   110 |    94 ||   204
       Bite              |     2 |    13 ||    15
       Punch             |       |     2 ||     2
Invok: Berserk           |     4 |     3 ||     7
  Use: Potion            |     2 |       ||     2
       Scroll            |     2 |     3 ||     5
 Stab: Sleeping          |     2 |     6 ||     8
       Distracted        |       |     1 ||     1
  Eat: Chunk             |    14 |     7 ||    21
Armor: Skin              |     4 |    10 ||    14
Dodge: Dodged            |    81 |   115 ||   196
